 Dungeon Crawl Stone Soup version 0.28-a0-1395-g4f6bc678fa (webtiles) character file.

Game seed: 2280766392744136383

104122 frimble the Peltast (level 15, -3/115 HPs)
             Began as a Demonspawn Warper on Jan 5, 2022.
             Was the Champion of Cheibriados.
             Slain by a troll (6 damage)
             ... while paralysed by an orc sorcerer
             ... on level 2 of the Orcish Mines.
             The game lasted 00:24:17 (20207 turns).

frimble the Peltast (Demonspawn Warper)            Turns: 20207, Time: 00:24:18

Health: -3/115     AC: 20    Str: 26    XL:     15   Next: 91%
Magic:  22/22      EV:  2    Int: 33    God:    Cheibriados [******]
Gold:   2036       SH:  0    Dex: 34    Spells: 9/18 levels left

rFire   + . .      SeeInvis .   Q - +8 Vampire's Tooth {vamp}
rCold   + . .      Faith    .   Z - +2 kite shield {AC+3}
rNeg    . . .      Spirit   .   m - +3 troll leather armour
rPois   .          Reflect  .   p - +2 helmet
rElec   +          Harm     .   Y - scarf {rC+ rF+}
rCorr   .          Rampage  .   (no gloves)
Will    +....                   (boots unavailable)
Stlth   +++++.....              U - amulet of regeneration
HPRegen 1.89/turn               k - ring "Xogh" {rElec EV+4 Int-3 Dex+5 Slay+4}
MPRegen 0.18/turn               E - +4 ring of evasion

@: paralysed, mighty, studying Shields, very slow
A: hooves 3, yellow scales 2, icemail 1, powered by pain 2, augmentation 1,
condensation shield
a: Renounce Religion, Bend Time, Temporal Distortion, Slouch, Step From Time


You were on level 2 of the Orcish Mines.
You worshipped Cheibriados.
Cheibriados was exalted by your worship.
You visited 4 branches of the dungeon, and saw 24 of its levels.
You visited the Abyss 1 time.
You also visited: Ice Cave.

You collected 2036 gold pieces.

Inventory:

Hand Weapons
 h - a +5 scimitar of flaming
 Q - the +8 Vampire's Tooth (weapon) {vamp}
   (You acquired it on level 9 of the Dungeon)

   It occasionally heals its wielder for the full amount of damage dealt when it
   wounds a living foe.
Missiles
 d - 5 boomerangs of dispersal
 D - 9 boomerangs (quivered)
 F - a throwing net
Armour
 m - a +3 troll leather armour (worn)
 p - a +2 helmet (worn)
 P - a +0 buckler
 R - a +0 cloak
 T - a +1 robe of cold resistance
 Y - a scarf of resistance (worn)
 Z - a +2 kite shield of protection (worn)
Jewellery
 b - the ring "Qaumuce" {rPois rC+ Will+ Int-3}
   (You found it in an ice cave)

   [ring of protection from cold]

   Int:       It affects your intelligence (-3).
   rC:        It protects you from cold.
   rPois:     It protects you from poison.
   Will:      It increases your willpower.
 k - the ring "Xogh" (left hand) {rElec EV+4 Int-3 Dex+5 Slay+4}
   (You acquired it on level 3 of the Dungeon)

   [ring of evasion]

   EV:        It affects your evasion (+4).
   Int:       It affects your intelligence (-3).
   Dex:       It affects your dexterity (+5).
   Slay:      It affects your accuracy & damage with ranged weapons and melee
   (+4).
   rElec:     It insulates you from electricity.
 l - the ring "Ituosy" {Str+6 Int+4}
   (You found it in an ice cave)

   [ring of strength]

   Str:       It affects your strength (+6).
   Int:       It affects your intelligence (+4).
 z - a ring of see invisible
 E - a +4 ring of evasion (right hand)
 S - the ring of Conformity {rPois rN+ MP+9}
   (You found it in an ice cave)

   [ring of magical power]

   rPois:     It protects you from poison.
   rN:        It protects you from negative energy.
   MP:        It affects your magic capacity (+9).
 U - an amulet of regeneration (around neck)
 W - a ring of positive energy
Wands
 u - a wand of iceblast (15)
 B - a wand of digging (6)
 G - a wand of flame (65)
 J - a wand of paralysis (11)
 K - a wand of charming (16)
 L - a wand of mindburst (27)
 N - a wand of polymorph (11)
 O - a wand of acid (18)
Scrolls
 a - 2 scrolls of fear
 c - 2 scrolls of blinking
 f - a scroll of summoning
 i - 9 scrolls of teleportation
 j - 4 scrolls of immolation
 n - 2 scrolls of holy word
 o - 2 scrolls of amnesia
 t - 13 scrolls of identify
 y - a scroll of magic mapping
 C - 2 scrolls of fog
 V - 3 scrolls of enchant weapon
Potions
 e - 6 potions of resistance
 g - 4 potions of flight
 q - 4 potions of magic
 r - 3 potions of berserk rage
 s - 11 potions of curing
 v - 3 potions of haste
 w - 3 potions of mutation
 x - 7 potions of attraction {unknown}
 A - 3 potions of heal wounds
 H - a potion of degeneration {unknown}
 I - 2 potions of brilliance
 M - 2 potions of might {unknown}
 X - 3 potions of lignification {unknown}


   Skills:
 - Level 10.0 Fighting
 - Level 10.0 Short Blades
 - Level 9.3 Throwing
 - Level 0.8 Armour
 - Level 7.0 Dodging
 - Level 10.0 Stealth
 - Level 15.0 Shields
 - Level 2.0 Spellcasting
 - Level 7.0 Translocations
 + Level 5.3 Transmutations
 + Level 5.3 Earth Magic
 - Level 10.0 Invocations
 - Level 7.0 Evocations


You had 9 spell levels left.
You knew the following spells:

 Your Spells              Type           Power      Damage    Failure   Level
a - Blink                 Tloc           98%        N/A       1%          2
b - Statue Form           Tmut/Erth      25%        N/A       77%         6
c - Apportation           Tloc           98%        N/A       1%          1

Your spell library contained the following spells:

 Spells                   Type           Power      Damage    Failure   Level
 Gell's Gravitas          Tloc           49%        N/A       1%          3
 Lesser Beckoning         Tloc           49%        N/A       1%          3
 Teleport Other           Tloc           49%        N/A       1%          3
 Portal Projectile        Hex/Tloc       52%        N/A       4%          3
 Magic Dart               Conj           12%        1d3       7%          1
 Pain                     Necr           12%        1d4       7%          1
 Summon Small Mammal      Summ           12%        N/A       7%          1
 Call Imp                 Summ           3%         N/A       11%         2
 Scorch                   Fire           6%         2d5       11%         2
 Manifold Assault         Tloc           49%        N/A       11%         5
 Call Canine Familiar     Summ           3%         N/A       22%         3
 Mephitic Cloud           Conj/Pois/Air  3%         N/A       22%         3
 Summon Guardian Golem    Hex/Summ       3%         N/A       22%         3
 Lee's Rapid Deconstruct  Erth           19%        3d12*     22%         5
 Leda's Liquefaction      Hex/Erth       10%        N/A       24%         4
 Alistair's Intoxication  Tmut/Pois      13%        N/A       54%         5
 Airstrike                Air            1%         N/A       56%         4
 Flame Wave               Conj/Fire      3%         2d4       56%         4
 Summon Lightning Spire   Summ/Air       3%         N/A       56%         4
 Agony                    Necr           3%         N/A       89%         5
 Excruciating Wounds      Necr           1%         N/A       89%         5
 Lightning Bolt           Conj/Air       1%         1d12      89%         5
 Summon Cactus Giant      Summ           1%         N/A       100%        6
 Orb of Destruction       Conj           1%         N/A       100%        7
 Spellforged Servitor     Conj/Summ      1%         N/A       100%        7


Dungeon Overview and Level Annotations

Branches:
Dungeon (15/15)            Temple (1/1) D:6            Lair (6/6) D:11
  Swamp (0/4) Lair:2       Spider (0/4) Lair:4        Slime (0/5) Lair:5
    Orc (2/2) D:10         Vaults (0/5) D:13         Depths (0/4) D:15
  IceCv (visited)
    Elf: Orc:2

Altars:
Cheibriados
Hepliaklqana
Okawaru
Wu Jian
Yredelemnul
Zin
The Shining One
Jiyva

Shops:
D:4 (*   D:6 =   Orc:2 [

Annotations:
D:8 2 transporters


Innate Abilities, Weirdness & Mutations

You have hooves in place of feet.
You are mostly covered in yellow scales. (AC +3)
A meltable icy envelope protects you from harm. (AC +4)
You sometimes gain power by taking damage.
Your magical and physical power is slightly enhanced at high health.
A meltable shield of frost defends you. (SH +4)


Message History

You kick the orc knight!
The orc knight is heavily wounded.
You puncture the orc knight!
You feel better.
You kick the orc knight!!
The orc knight is almost dead.
The orc knight roars a battlecry!
The orcs go into a battle-frenzy!
You block the orc warrior's attack. x2
You puncture the orc knight!
You kill the orc knight!
Cheibriados thoroughly appreciates the change of pace.
You hit the troll. You kick the troll!
The troll is heavily wounded.
You block the troll's attack. x2; The troll completely misses you.
You impale the troll!!
You kill the troll!
Cheibriados appreciates the change of pace.
The orc warrior misses you.
You puncture the troll! You kick the troll!!
The troll is severely wounded.
You block the orc warrior's attack. The orc sorcerer casts a spell at you.
You suddenly lose the ability to move!
The troll bites you but does no damage. The troll completely misses you.
The troll claws you but does no damage.
The orc warrior hits you from afar with a +0 glaive!
The orc warrior hits you with a +0 mace!
The orc sorcerer hits you with a +2 dagger of pain!
You writhe in agony.
The troll bites you but does no damage.
The troll claws you but does no damage. x2
The orc warrior hits you with a +0 battleaxe!
The orc warrior hits you from afar with a +0 glaive!
The orc warrior hits you with a +0 mace!
The orc sorcerer hits you with a +2 dagger of pain.
You writhe in agony.
The orc warrior hits you with a +0 battleaxe!!
* * * LOW HITPOINT WARNING * * *
The troll bites you!
* * * LOW HITPOINT WARNING * * *
The troll claws you but does no damage. The troll claws you.
You die...

.....# .....#####.#..#
..#.#... ##...#.#...#.+
...P.#.. ##.#.....#.#..#
P.......##..............
.P...P.#.##.#...........
.....P....#.##..........
.....o..................
8.∩....T..#.##..........
......o@.#....#.........
......oo.##.............
....P......#+#..........
...P..P....+ +...#......
....P#.....# #..........
##......................
##....#.##.#.#....#....
###.#### #####.#######
##


You could see a troll, an orc sorcerer (strong) and 3 orc warriors.

Vanquished Creatures
  Roxanne (D:14)
  A rockslime (IceCv)
  3 azure jellies (IceCv)
  Louise (D:15)
  4 quicksilver oozes (IceCv)
  Nessos (D:13)
  A dire elephant (D:15)
  Josephine (D:11)
  A rakshasa (D:15)
  5 boulder beetles
  Fannar (Lair:1)
  11 hydras
  A centaur warrior (D:14)
  4 two-headed ogres
  17 death yaks
  A tengu warrior (D:14)
  Nergalle (D:12)
  2 goliath frogs (Lair:6)
  A wizard (D:15)
  2 orange crystal statues (IceCv)
  2 deep elf pyromancers (D:15)
  A wolf spider (D:15)
  5 orc knights
  7 ugly things
  2 manticores
  3 orc sorcerers
  4 cyclopes
  Maurice (D:9)
  9 elephants
  6 black mambas
  A guardian serpent (shapeshifter) (Abyss:3)
  Joseph (D:12)
  22 cane toads
  2 gargoyles (D:13)
  A kobold demonologist (D:7)
  Maggie (D:7)
  An unseen horror (D:12)
  4 rime drakes
  15 komodo dragons
  4 efreet
  2 tengu conjurers (D:15)
  5 entropy weaver simulacra (IceCv)
  2 very ugly thing simulacra (IceCv)
  8 trolls
  A polar bear (Lair:5)
  A troll (shapeshifter) (D:13)
  3 tyrant leeches (Lair:6)
  18 slime creatures
  27 blink frogs
  6 dream sheep (Lair:6)
  3 shadows (D:10)
  7 wraiths
  31 yaks
  A wyvern (D:8)
  16 humans (D:13)
  Grum (D:10)
  3 basilisks
  2 steam dragons
  18 vampire mosquitoes
  A warg (Orc:1)
  2 two-headed ogre zombies (D:10)
  A demonic crawler simulacrum (IceCv)
  11 water moccasins
  A swamp drake (Lair:4)
  3 ice beasts
  A black bear (Lair:1)
  11 orc warriors
  2 sky beasts
  4 starcursed masses (Abyss:2)
  7 ugly thing simulacra (IceCv)
  18 wolves
  5 ogres
  3 centaurs
  Blork the orc (D:4)
  A kobold brigand (D:7)
  2 phantoms (D:5)
  16 bullfrogs
  3 gnoll sergeants
  A water moccasin zombie (D:5)
  A scorpion (D:4)
  A water moccasin skeleton (D:4)
  A troll zombie (D:10)
  A wyvern skeleton (D:7)
  7 killer bees
  13 wights
  2 electric eels
  5 howler monkeys
  5 centaur zombies
  2 bullfrog zombies (D:7)
  A bullfrog skeleton (D:7)
  13 orc priests
  2 hounds
  2 jellies
  17 iguanas
  10 orc wizards
  Jessica (D:2)
  A scorpion zombie (D:5)
  Natasha (D:3)
  9 hell rats (Lair:1)
  2 killer bee zombies
  5 ogre zombies (D:10)
  2 howler monkey zombies
  16 gnolls
  5 adders
  17 river rats (Lair:1)
  A shadow imp (D:6)
  2 white imps (D:6)
  3 ufetubi
  An adder zombie (D:5)
  An adder skeleton (D:4)
  A dart slug (D:1)
  39 orcs
  6 endoplasms
  A giant cockroach (D:3)
  17 goblins
  5 hobgoblins
  6 jackals
  10 quokkas
  5 ball pythons
  5 bats
  20 frilled lizards
  3 goblin skeletons (D:10)
  2 hobgoblin skeletons (D:10)
  3 hobgoblin zombies (D:10)
  16 kobolds
  5 orc skeletons (D:10)
  12 orc zombies (D:10)
  18 rats
725 creatures vanquished.

Vanquished Creatures (others)
  A basilisk (Lair:4)
  An iguana (Lair:4)
  5 frilled lizards (Lair:4)
  22 fungi
  112 plants
141 creatures vanquished.

Grand Total: 866 creatures vanquished

Notes
Turn   | Place    | Note
-------+----------+-------------------------------------------
     0 | D:1      | frimble the Demonspawn Warper began the quest for the Orb.
     0 | D:1      | Reached XP level 1. HP: 16/16 MP: 3/3
   502 | D:1      | Gained mutation: A meltable shield of frost defends you.
                  | (SH +4) [demonic ancestry]
   502 | D:1      | Reached XP level 2. HP: 12/22 MP: 5/5
  1270 | D:1      | Found a faded altar of an unknown god.
  1591 | D:2      | Noticed Jessica
  1605 | D:2      | Killed Jessica
  1606 | D:2      | Gained mutation: You have large cloven feet. [demonic
                  | ancestry]
  1606 | D:2      | Reached XP level 3. HP: 16/27 MP: 6/6
  2294 | D:2      | Gained mutation: A meltable icy envelope protects you from
                  | harm. (AC +4) [demonic ancestry]
  2294 | D:2      | Reached XP level 4. HP: 32/33 MP: 7/7
  3127 | D:3      | Identified a scroll of acquirement
  3127 | D:3      | Acquired the ring "Xogh" {rElec EV+4 Int-3 Dex+5 Slay+4}
  3332 | D:3      | Noticed Natasha
  3340 | D:3      | Killed Natasha
  3341 | D:3      | Reached XP level 5. HP: 28/38 MP: 8/8
  3540 | D:3      | Noticed a sky beast
  3553 | D:3      | Killed a sky beast
  3670 | D:4      | Found Vulel's Lightly-Used Armoury.
  3710 | D:4      | Gained mutation: You sometimes gain a little power by
                  | taking damage. [demonic ancestry]
  3710 | D:4      | Reached XP level 6. HP: 44/44 MP: 9/9
  3722 | D:4      | Reached skill level 5 in Short Blades
  4000 | D:4      | Found Ziosaa's Antique Weapon Shop.
  4447 | D:4      | Reached skill level 1 in Stealth
  4447 | D:4      | Reached XP level 7. HP: 49/50 MP: 10/10
  4524 | D:4      | Noticed Blork the orc
  4536 | D:4      | Killed Blork the orc
  4858 | D:5      | Entered Level 5 of the Dungeon
  4900 | D:5      | HP: 2/50 [ogre (27)]
  5112 | D:5      | Learned a level 2 spell: Blink
  5147 | D:5      | Noticed a steam dragon
  5158 | D:5      | Killed a steam dragon
  5159 | D:5      | Gained mutation: You are partially covered in yellow
                  | scales. (AC +2) [demonic ancestry]
  5159 | D:5      | Reached XP level 8. HP: 56/56 MP: 11/11
  5750 | D:6      | Found Cihicapa's Jewellery Shop.
  5781 | D:6      | Reached skill level 5 in Stealth
  6072 | D:6      | Found a staircase to the Ecumenical Temple.
  6288 | D:6      | Reached skill level 1 in Evocations
  7179 | D:7      | Reached XP level 9. HP: 61/61 MP: 12/12
  7435 | D:7      | Noticed Maggie
  7456 | D:7      | Killed Maggie
  7665 | D:7      | Noticed a kobold demonologist
  7670 | D:7      | Noticed a hellwing
  7678 | D:7      | Noticed a sixfirhy
  7681 | D:7      | Killed a kobold demonologist
  8366 | Temple   | Entered the Ecumenical Temple
  8421 | Temple   | Became a worshipper of Cheibriados the Contemplative
  8548 | D:8      | Found a viscous altar of Jiyva.
  8605 | D:8      | Reached skill level 5 in Evocations
  8619 | D:8      | Reached skill level 5 in Translocations
  8662 | D:8      | Found a transporter.
  8662 | D:8      | Found a transporter.
  8979 | D:9      | Gained mutation: You have hoof-like feet. [demonic
                  | ancestry]
  8979 | D:9      | Reached XP level 10. HP: 65/67 MP: 13/13
  9081 | D:9      | Reached * piety under Cheibriados
  9240 | D:9      | Reached skill level 10 in Short Blades
  9494 | D:9      | Reached ** piety under Cheibriados
 10072 | D:9      | Noticed Maurice
 10085 | D:9      | Killed Maurice
 10086 | D:9      | Reached skill level 1 in Shields
 10089 | D:9      | Acquired the +8 Vampire's Tooth {vamp}
 10089 | D:9      | Found the +8 Vampire's Tooth {vamp}
 10188 | D:10     | Entered Level 10 of the Dungeon
 10197 | D:10     | Found a staircase to the Orcish Mines.
 10210 | D:10     | Reached skill level 2 in Shields
 10239 | D:10     | Noticed Grum
 10248 | D:10     | Killed Grum
 10249 | D:10     | Reached skill level 3 in Shields
 10269 | D:10     | Reached *** piety under Cheibriados
 10307 | D:10     | Reached skill level 4 in Shields
 10483 | D:10     | Reached skill level 1 in Invocations
 10588 | D:10     | Gained mutation: Your magical and physical power is
                  | slightly enhanced at high health. [demonic ancestry]
 10588 | D:10     | Reached XP level 11. HP: 37/74 MP: 14/14
 10722 | D:10     | Reached **** piety under Cheibriados
 11105 | D:10     | Found a basalt altar of Yredelemnul.
 11192 | D:11     | Noticed a two-headed ogre
 11211 | D:11     | Killed a two-headed ogre
 11344 | D:11     | Noticed Josephine
 11349 | D:11     | Reached skill level 5 in Dodging
 11365 | D:12     | Reached skill level 5 in Invocations
 11421 | D:12     | Noticed a boulder beetle
 11427 | D:12     | Killed a boulder beetle
 11479 | D:12     | Noticed Joseph
 11495 | D:12     | Killed Joseph
 11535 | D:12     | Noticed a purple ugly thing
 11545 | D:12     | Killed a purple ugly thing
 11546 | D:12     | Reached skill level 5 in Fighting
 11760 | D:12     | Noticed Nergalle
 11767 | D:12     | Killed Nergalle
 11790 | D:12     | Reached skill level 5 in Shields
 11981 | D:12     | Noticed a two-headed ogre
 11989 | D:12     | Killed a two-headed ogre
 11990 | D:12     | Gained mutation: You have hooves in place of feet. [demonic
                  | ancestry]
 11990 | D:12     | Reached XP level 12. HP: 87/87 MP: 17/17
 12175 | D:11     | Found a staircase to the Lair.
 12192 | D:11     | Killed Josephine
 12256 | D:11     | Noticed a six-headed hydra
 12265 | D:11     | Killed a six-headed hydra
 12479 | D:11     | Noticed a two-headed ogre
 12481 | D:11     | Killed a two-headed ogre
 12532 | Lair:1   | Entered Level 1 of the Lair of Beasts
 12546 | Lair:1   | Reached ***** piety under Cheibriados
 12559 | Lair:1   | Reached skill level 1 in Throwing
 12594 | Lair:1   | Noticed an eight-headed hydra
 12601 | Lair:1   | Killed an eight-headed hydra
 12769 | Lair:1   | Reached skill level 6 in Shields
 13139 | Lair:1   | Noticed Fannar
 13151 | Lair:1   | Killed Fannar
 13380 | Lair:2   | Found a staircase to the Swamp.
 13857 | Lair:3   | Reached ****** piety under Cheibriados
 14526 | Lair:4   | Noticed a five-headed hydra
 14526 | Lair:4   | Noticed a death yak
 14526 | Lair:4   | Noticed a death yak
 14526 | Lair:4   | Noticed a death yak
 14526 | Lair:4   | Noticed a death yak
 14526 | Lair:4   | Noticed a death yak
 14538 | Lair:3   | Killed a death yak
 14580 | Lair:4   | Gained mutation: You are mostly covered in yellow scales.
                  | (AC +3) [demonic ancestry]
 14580 | Lair:4   | Reached XP level 13. HP: 96/96 MP: 20/20
 14609 | Lair:4   | Reached skill level 7 in Shields
 14685 | Lair:4   | Reached skill level 10 in Invocations
 14811 | Lair:4   | Found a hole to the Spider Nest.
 14974 | Lair:5   | Reached skill level 5 in Throwing
 15095 | Lair:5   | Found a staircase to the Slime Pits.
 15096 | Lair:5   | Found a viscous altar of Jiyva.
 15263 | Lair:5   | Reached skill level 8 in Shields
 15484 | Lair:6   | Entered Level 6 of the Lair of Beasts
 15612 | Lair:6   | Gained mutation: You sometimes gain power by taking damage.
                  | [demonic ancestry]
 15612 | Lair:6   | Reached XP level 14. HP: 108/108 MP: 19/21
 15839 | Lair:6   | Reached skill level 9 in Shields
 15919 | Lair:6   | Reached skill level 10 in Stealth
 15931 | Lair:6   | Reached skill level 10 in Fighting
 16214 | Lair:6   | Acquired a manual of Shields
 16287 | Lair:6   | Reached skill level 10 in Shields
 16860 | D:13     | Noticed Nessos
 16860 | D:13     | Found a gate to the Vaults.
 16862 | D:13     | Killed Nessos
 16863 | D:13     | Reached skill level 11 in Shields
 17031 | D:13     | Identified the +4 ring mail "Uneryc" {rElec rC- Will+
                  | Dex+3}
 17700 | D:14     | Noticed Roxanne
 17724 | D:14     | Killed Roxanne
 17725 | D:14     | Reached XP level 15. HP: 74/115 MP: 22/22
 17747 | D:14     | Reached skill level 12 in Shields
 17755 | D:14     | Learned a level 6 spell: Statue Form
 18089 | D:15     | Entered Level 15 of the Dungeon
 18098 | D:15     | Learned a level 1 spell: Apportation
 18167 | D:15     | Reached skill level 13 in Shields
 18195 | D:15     | Found a frozen archway.
 18205 | IceCv    | Entered an ice cave
 18298 | IceCv    | Reached skill level 14 in Shields
 18509 | IceCv    | Reached skill level 15 in Shields
 18539 | IceCv    | Reached skill level 1 in Transmutations
 18539 | IceCv    | Reached skill level 1 in Earth Magic
 18559 | IceCv    | Noticed an azure jelly
 18561 | IceCv    | Found a viscous altar of Jiyva.
 18561 | IceCv    | Noticed an azure jelly
 18564 | IceCv    | Noticed an azure jelly
 18564 | IceCv    | Noticed a rockslime
 18566 | IceCv    | Killed an azure jelly
 18570 | IceCv    | Killed an azure jelly
 18579 | IceCv    | Killed an azure jelly
 18594 | IceCv    | Killed a rockslime
 18602 | IceCv    | Got the ring "Qaumuce" {rPois rC+ Will+ Int-3}
 18607 | IceCv    | Identified the ring "Ituosy" {Str+6 Int+4}
 18612 | IceCv    | Identified the ring of Conformity {rPois rN+ MP+9}
 18723 | D:15     | Noticed Louise
 18739 | D:15     | Cast into level 2 of the Abyss (Louise)
 18842 | D:15     | Escaped the Abyss
 18851 | D:15     | Killed Louise
 19322 | D:15     | Found a staircase to the Depths.
 19783 | Orc:1    | Entered Level 1 of the Orcish Mines
 19871 | Orc:1    | Reached skill level 5 in Transmutations
 19871 | Orc:1    | Reached skill level 5 in Earth Magic
 20142 | Orc:2    | Entered Level 2 of the Orcish Mines
 20191 | Orc:2    | Found Jumuw's Antique Armour Shoppe.
 20204 | Orc:2    | Paralysed by an orc sorcerer for 4 turns
 20207 | Orc:2    | HP: 3/115 [troll (10)]
 20207 | Orc:2    | Slain by a troll

Illustrated notes

Levels and vault maps discovered:
D:1:      roderic_chinese_lattice_arrival, layout_loops_cross,
          hellmonk_ecumenical_altar_run_dry
D:2:      cheibrodos_greedy_goblins, layout_basic, serial_forest,
          infiniplex_forest_lined_3, infiniplex_forest_lined_2,
          infiniplex_forest_diagonal, infiniplex_forest_lined_1, uniq_jessica
D:3:      layout_basic, uniq_natasha
D:4:      layout_loops_ring, serial_shops, shop, amethyst_killhole,
          chequers_serial_rivers_room_a, minmay_shop_damaged, uniq_blork_the_orc
D:5:      layout_cave_pools
D:6:      layout_loops_corners, minmay_temple_entry_drinking_statues,
          serial_shops, nicolae_stop_n_shop_1, kennysheep_generic_room_7
D:7:      layout_rooms, chequers_mini_garden, kennysheep_pointless_box,
          lemuel_flamethrower_1, uniq_maggie
D:8:      gammafunk_jiyva_shrine, layout_basic
D:9:      layout_long_grid, nicolae_elevator_lobby_asterisk, uniq_maurice
D:10:     layout_basic, mainiacjoe_overflow_boulevard, zombieorc2_lemuel,
          chequers_serial_rivers_micro_c, grunt_ministairs_9, uniq_grum
D:11:     layout_cave_pools, lair_entry_dummy, hangedman_glass_garden,
          grunt_ogre_cave, uniq_josephine
D:12:     layout_cave_pods, minmay_sticks_and_stones, uniq_nergalle
D:13:     layout_loops_cross, david_vaults_3, dk_noncrumbling_3,
          minmay_lizard_king, uniq_nessos
D:14:     layout_basic, uniq_roxanne
D:15:     hangedman_depths_entry_try_elsewhere_first, layout_long_grid,
          portal_ice_cave_entry_pillars_four, minmay_misc_feat_diagonals,
          minivault_5, nicolae_figureground_pulse, uniq_louise
Temple:   mainiacjoe_temple_archimedes_tessellation
Lair:1:   lemuel_ratsnest, layout_regular_city, serial_forest,
          infiniplex_forest_clump_cross, infiniplex_forest_clump_medium,
          infiniplex_forest_clump_long, infiniplex_forest_lined_2,
          infiniplex_forest_straight_2, infiniplex_forest_straight_4,
          infiniplex_forest_clump_tiny, st_stairs_8, kennysheep_rathole,
          lemuel_fruit_tree, uniq_fannar
Lair:2:   layout_hall_layers, minmay_swamp_entry_swarm
Lair:3:   layout_gridlike
Lair:4:   lemuel_reptile_caves, layout_cave_shapes, spider_nest_entry_a,
          basic_altar, lemuel_fruit_fields
Lair:5:   layout_long_grid, slime_altar_1
Lair:6:   minmay_lair_end_frog_pond, layout_gridlike, st_stairs_13,
          nicolae_lair_grazing_beasts [nicolae_sub_lair_graze_edge,
          nicolae_sub_lair_graze_edge, nicolae_sub_lair_graze_edge,
          nicolae_sub_lair_graze_edge]
Orc:1:    layout_diamond_mine
Orc:2:    grunt_orc_gardens, layout_caves, grunt_orc_garden, grunt_orc_garden,
          grunt_orc_garden, grunt_orc_garden, serial_shops,
          nicolae_shop_hallway_plus, shop, nicolae_shop_behind_doors,
          nicolae_shop_hallway_stairs, nicolae_shop_behind_doors

Skill      XL: |  1  2  3  4  5  6  7  8  9 10 11 12 13 14 15 |
---------------+----------------------------------------------+-----
Short Blades   | 2 3 4 6 7 8 9 10 | 10.0
Dodging        | 2 3 6 7 |  7.0
Stealth        | 1 3 5 6 7 9 10 | 10.0
Evocations     | 2 5 7 |  7.0
Translocations | 5 7 |  7.0
Shields        | 4 5 6 8 11 15 | 15.0
Invocations    | 2 7 9 10 | 10.0
Fighting       | 5 7 9 10 | 10.0
Throwing       | 3 6 9 |  9.3
Transmutations | 5 |  5.3
Earth Magic    | 5 |  5.3
Armour         | |  0.8
Spellcasting   | |  2.0

Action                   |  1- 3 |  4- 6 |  7- 9 | 10-12 | 13-15 || total
-------------------------+-------+-------+-------+-------+-------++-------
Melee: Dagger            |    93 |   177 |   362 |   126 |       ||   758
       Short sword       |    11 |       |       |       |       ||    11
       Kick              |     7 |    45 |   121 |   286 |   704 ||  1163
       Quick blade       |       |       |       |   464 |  1045 ||  1509
Throw: Boomerang         |       |       |       |       |     2 ||     2
 Cast: Blink             |       |       |     3 |     1 |     5 ||     9
       Apportation       |       |       |       |       |     1 ||     1
Invok: Temporal Distorti |       |       |       |     3 |       ||     3
       Slouch            |       |       |       |       |     3 ||     3
  Use: Scroll            |     1 |     9 |       |    14 |     6 ||    30
       Potion            |       |       |     3 |       |       ||     3
 Stab: Sleeping          |       |       |    14 |    18 |    17 ||    49
       Distracted        |       |       |       |     2 |     4 ||     6
       Confused          |       |       |       |       |     2 ||     2
Armor: Leather armour    |    15 |    45 |    21 |       |       ||    81
       Ring mail         |       |       |    43 |       |       ||    43
       Acid dragon scale |       |       |    30 |    37 |       ||    67
       Troll leather arm |       |       |       |     8 |    53 ||    61
       Skin              |       |       |       |     1 |       ||     1
       Robe              |       |       |       |       |     8 ||     8
Dodge: Dodged            |    45 |   103 |   295 |   238 |   331 ||  1012
Block: Other             |    11 |    11 |    60 |    28 |       ||   110
       Buckler           |       |       |       |    90 |   206 ||   296
       Kite shield       |       |       |       |       |   163 ||   163

Table legend: (Time is in decaauts)
 A = Elapsed time spent in this place.
 B = Non-inter-level travel time spent in this place.
 C = Inter-level travel time spent in this place.
 D = Time resting spent in this place.
 E = Time spent auto-exploring this place.
 F = Levels seen in this place.
 G = Mean time per level.
                   A        B        C        D        E       F      G
               +--------+--------+--------+--------+--------+-----+--------+
         Total |  26577 |  24743 |   1834 |    210 |  19805 |  27 |  984.3 |
       Dungeon |  17935 |  16806 |   1129 |    210 |  13976 |  15 | 1195.7 |
        Temple |     67 |     32 |     35 |      0 |     27 |   1 |   67.0 |
          Lair |   7155 |   6527 |    628 |      0 |   5118 |   6 | 1192.5 |
  Orcish Mines |    660 |    620 |     40 |      0 |    446 |   2 |  330.0 |
         Abyss |    142 |    142 |      0 |      0 |     10 |   2 |   71.0 |
      Ice Cave |    616 |    616 |      0 |      0 |    228 |   1 |  616.0 |
               +--------+--------+--------+--------+--------+-----+--------+

Top non-repeatable levels by time:
    D:15: 1746 daAuts
     D:1: 1571 daAuts
     D:9: 1562 daAuts
    D:10: 1518 daAuts
     D:6: 1491 daAuts
    D:13: 1470 daAuts
  Lair:3: 1424 daAuts
  Lair:6: 1416 daAuts
  Lair:1: 1365 daAuts
     D:4: 1305 daAuts
    D:12: 1222 daAuts
     D:2: 1160 daAuts
  Lair:5: 1071 daAuts
  Lair:2: 950 daAuts
  Lair:4: 927 daAuts
